 Dungeon Crawl Stone Soup version 0.25.0-45-g978344163c (webtiles) character file.

Game seed: 11919402961802540211

2765 Errno the Fighter (level 9, -1/86 HPs)
             Began as a Minotaur Fighter on July 11, 2020.
             Was a Priest of Okawaru.
             Slain by a tentacled starspawn (24 damage)
             ... on level 3 of the Abyss.
             The game lasted 00:28:01 (5034 turns).

Errno the Fighter (Minotaur Fighter)                Turns: 5034, Time: 00:28:02

Health: -1/86      AC: 14    Str: 23    XL:     9   Next: 42%
Magic:  8/8        EV:  7    Int:  9    God:    Okawaru [***...]
Gold:   305        SH:  0    Dex: 17    Spells: 8/8 levels left

rFire    . . .     SeeInvis .   E - +6 dire flail of Evisceration {distort, rC+ Int+4}
rCold    + . .     Gourm    .   (shield currently unavailable)
rNeg     . . .     Faith    .   F - +0 plate armour
rPois    .         Spirit   .   (helmet restricted)
rElec    .         Reflect  .   (no cloak)
rCorr    .         Harm     .   n - +0 pair of gloves
MR       +....                  (no boots)
Stlth    ..........             (no amulet)
HPRegen  0.24/turn              t - ring of protection from magic
MPRegen  0.11/turn              D - +6 ring of dexterity

@: very slightly contaminated
A: retaliatory headbutt, horns 2
a: Heroism, Renounce Religion


You were on level 3 of the Abyss.
You worshipped Okawaru.
Okawaru was most pleased with you.
You were hungry.

You visited 1 branch of the dungeon, and saw 6 of its levels.
You visited the Abyss 1 time.

You collected 305 gold pieces.

Inventory:

Hand Weapons
 a - a +0 war axe
 o - a +1 hand axe of distortion
 E - the +6 dire flail of Evisceration (weapon) {distort, rC+ Int+4}
   (You took it off an orc warrior on level 6 of the Dungeon)

   It warps and distorts space around it.
   Unwielding it can cause banishment or high damage.
   It affects your intelligence (+4).
   It protects you from cold.
Missiles
 j - 189 stones (quivered)
Armour
 b - a +0 scale mail
 c - a +0 kite shield
 n - a +0 pair of gloves (worn)
 F - a +0 plate armour (worn)
Jewellery
 p - an uncursed amulet of magic regeneration
 t - a ring of protection from magic (left hand)
 A - an uncursed ring of magical power
 D - a +6 ring of dexterity (right hand)
Wands
 m - a wand of polymorph (6)
Scrolls
 e - 6 scrolls of identify
 h - 3 scrolls of amnesia
 i - 3 scrolls of teleportation
 q - a scroll of fog
 r - 3 scrolls of enchant weapon
 u - a scroll of fear
 w - 2 scrolls of magic mapping
 y - a scroll of remove curse
Potions
 d - 2 potions of might
 g - a potion of magic {unknown}
 k - 2 potions of heal wounds {unknown}
 s - 2 potions of invisibility {unknown}
 v - a potion of haste {unknown}
 x - a potion of stabbing {unknown}
 z - a potion of curing {unknown}
 B - a potion of mutation {unknown}
 C - a potion of brilliance {unknown}
Comestibles
 f - 12 rations


   Skills:
 * Level 10.4 Fighting
 * Level 10.0 Axes
 + Level 7.8 Armour
 - Level 3.7 Shields


You had 8 spell levels left.
You didn't know any spells.
Your spell library was empty.

Dungeon Overview and Level Annotations

Branches:
Dungeon (6/15)             Temple (0/1) D:5

Altars:
Fedhas
Kikubaaqudgha
Okawaru
Qazlal
Ru
Trog
Uskayaw
Wu Jian
Xom
The Shining One

Shops:
D:4 :   D:5 *

Portals:
Abyss: D:6

Annotations:
D:6 1 transporter
Abyss:1 Robin


Innate Abilities, Weirdness & Mutations

You reflexively headbutt those who attack you in melee.
You have a pair of horns on your head.


Message History

The starspawn tentacle loses its grip on you.
The tentacle pulls you backwards! The starspawn tentacle grabs you.
The starspawn tentacle constricts you.
As you read the scroll of fog, it crumbles to dust.
The scroll dissolves into smoke.
The starspawn tentacle loses its grip on you.
The tentacle pulls you backwards!
A tentacle flies out from the starspawn's body!
The starspawn tentacle grabs you. The starspawn tentacle constricts you.
The starspawn tentacle's grasp on you weakens, but your attempt to escape fails.
The starspawn tentacle loses its grip on you.
The tentacle pulls you backwards!
You fail to use your ability.
The starspawn tentacle closely misses you.
You furiously retaliate!
You headbutt the starspawn tentacle! You sock the tentacled starspawn!
The tentacled starspawn wobbles for a moment.
The tentacled starspawn is moderately damaged.
The tentacled starspawn bites you!!
You die...

. .. .. ..# ...#.#.
#..... .. .#.#...### ##
.. #....>.#.#####.#.
#.. # .....§#§§§..$..
.. .#..∩..§§§§##\## # #
## #..##.#§#@#.─.###.#
.. s #. #.§§§wX§.#. .#
.... . #..§..§...Es>.
.....
.......#............E#
......#.##.......#....
.....###..##...# ......
#...#...#.∩#.........##
#....#.#.# ..##..#...
#..# .##..(.. ....##.


You could see a tentacled starspawn and a starspawn tentacle.

Vanquished Creatures
  The ghost of Melfegor the Basher, a novice GrFi of Cheibriados (D:6)
  Pikel (D:5)
  Grinder (D:5)
  Eustachio (D:5)
  Menkaure (D:4)
  An ice beast (D:6)
  2 slaves (D:5)
  An orc warrior (D:6)
  An ogre (D:4)
  A centaur (D:5)
  3 howler monkeys
  2 crimson imps (D:6)
  2 hounds
  An orc priest (D:5)
  An orc wizard (D:3)
  2 worker ants
  3 gnolls (D:4)
  7 adders
  4 leopard geckos
  8 orcs
  10 giant cockroaches
  19 goblins
  10 hobgoblins
  4 jackals
  4 kobolds
  A quokka (D:2)
  A ball python (D:2)
  7 bats
  7 frilled lizards
  2 quokka skeletons
  6 rats
115 creatures vanquished.

Vanquished Creatures (others)
  An ugly thing (D:6)
  A small abomination (D:6)
  A slave (D:5)
  A centaur (D:6)
  A bullfrog (D:6)
  A jelly (D:5)
  An orc wizard (D:3)
  An adder (D:2)
  An adder skeleton (D:4)
  3 giant cockroaches (D:3)
  A goblin (D:2)
  A hobgoblin (D:2)
  2 starspawn tentacles (Abyss:3)
16 creatures vanquished.

Grand Total: 131 creatures vanquished

Notes
Turn   | Place    | Note
-------+----------+-------------------------------------------
     0 | D:1      | Errno the Minotaur Fighter began the quest for the Orb.
     0 | D:1      | Reached XP level 1. HP: 19/19 MP: 0/0
   118 | D:1      | Reached XP level 2. HP: 23/27 MP: 1/1
   756 | D:2      | Found a sacrificial altar of Ru.
   765 | D:2      | Reached XP level 3. HP: 31/34 MP: 2/2
  1031 | D:2      | Reached XP level 4. HP: 41/41 MP: 3/3
  1048 | D:2      | Found a bloodstained altar of Trog.
  1521 | D:3      | Reached skill level 5 in Fighting
  1761 | D:3      | Reached XP level 5. HP: 43/48 MP: 4/4
  2223 | D:4      | Noticed Robin
  2231 | D:4      | Banished Robin
  2387 | D:4      | Reached skill level 5 in Axes
  2396 | D:4      | Noticed an ogre
  2398 | D:4      | Found a hide-covered altar of Uskayaw.
  2402 | D:4      | Killed an ogre
  2402 | D:4      | Reached skill level 5 in Armour
  2402 | D:4      | Reached XP level 6. HP: 16/57 MP: 5/5
  2661 | D:4      | Found Caomm's Book Shop.
  2817 | D:4      | Found an iron altar of Okawaru.
  2825 | D:4      | Became a worshipper of Warmaster Okawaru
  2875 | D:4      | Noticed Menkaure
  2882 | D:4      | Killed Menkaure
  3081 | D:5      | Entered Level 5 of the Dungeon
  3106 | D:5      | Noticed a slave
  3106 | D:5      | Noticed a slave
  3106 | D:5      | Noticed Pikel
  3113 | D:5      | Banished a slave
  3121 | D:5      | Noticed a slave
  3121 | D:5      | Noticed a slave
  3131 | D:5      | Killed a slave
  3141 | D:5      | Killed a slave
  3153 | D:5      | Killed Pikel
  3153 | D:5      | Reached * piety under Okawaru
  3153 | D:5      | Reached XP level 7. HP: 41/67 MP: 6/6
  3412 | D:5      | Reached ** piety under Okawaru
  3450 | D:5      | Found a staircase to the Ecumenical Temple.
  3495 | D:5      | Reached XP level 8. HP: 74/74 MP: 7/7
  3557 | D:5      | Noticed Eustachio
  3570 | D:5      | Killed Eustachio
  3581 | D:5      | Found Voiseola's General Store.
  3899 | D:5      | Noticed Grinder
  3915 | D:5      | Killed Grinder
  4000 | D:5      | Found a blossoming altar of Fedhas.
  4342 | D:6      | Found a shimmering altar of Xom.
  4343 | D:6      | Found an ancient bone altar of Kikubaaqudgha.
  4344 | D:6      | Found a glowing golden altar of the Shining One.
  4392 | D:6      | Found an ornate altar of the Wu Jian Council.
  4531 | D:6      | Found a stormy altar of Qazlal.
  4650 | D:6      | Noticed Melfegor's ghost (novice GrFi)
  4651 | D:6      | Found a one-way gate to the infinite horrors of the Abyss.
  4651 | D:6      | Identified the +6 dire flail of Evisceration {distort, rC+
                  | Int+4}
  4654 | D:6      | Noticed a purple ugly thing
  4657 | D:6      | Found a transporter.
  4684 | D:6      | Noticed a thrashing horror
  4686 | D:6      | Found a transporter.
  4763 | D:6      | Killed Melfegor's ghost
  4763 | D:6      | Reached *** piety under Okawaru
  4763 | D:6      | Reached skill level 10 in Fighting
  4763 | D:6      | Reached XP level 9. HP: 56/85 MP: 6/8
  4819 | D:6      | Banished a purple ugly thing
  4819 | D:6      | Reached skill level 10 in Axes
  5012 | D:6      | Cast into level 3 of the Abyss (unwielding a weapon of
                  | distortion)
  5019 | Abyss:3  | Noticed a tentacled starspawn
  5024 | Abyss:3  | Noticed an orb spider
  5034 | Abyss:3  | Slain by a tentacled starspawn

Illustrated notes

Levels and vault maps discovered:
D:1:      wander_arrival_desolate, layout_loops_ring
D:2:      layout_rooms, lemuel_coloured_pillars_altar, nicolae_ru_awakened_eye
D:3:      minmay_roachtagon, layout_basic
D:4:      layout_basic, lemuel_round_altar, lemuel_crystal_altar, serial_shops,
          nicolae_shop_crystal, uniq_robin, uniq_menkaure
D:5:      layout_basic, fedhas_bush_and_centaur_altar,
          minmay_temple_entry_trees, serial_shops, shop_statue, first_ration,
          corexii_corridor_pit, kennysheep_boxes, uniq_grinder, uniq_pikel,
          uniq_eustachio
D:6:      layout_loops_cross, old_standard_altar,
          chequers_temple_overflow_statue_of_worship,
          gammafunk_ghost_abyssal_escape, basic_altar
Abyss:3:  base: D:4, grunt_abyss_rune_forest_and_sorcery

Skill      XL: |  1  2  3  4  5  6  7  8  9 |
---------------+----------------------------+-----
Fighting       | 4 5 6 7 10 | 10.4
Armour         | 4 5 6 7 |  7.8
Axes           | 3 4 5 7 9 10 | 10.0
Shields        | |  3.7

Action                   |  1- 3 |  4- 6 |  7- 9 || total
-------------------------+-------+-------+-------++-------
Melee: War axe           |    14 |       |       ||    14
       Headbutt          |    11 |    13 |    30 ||    54
       Hand axe          |    52 |   108 |   102 ||   262
       Dagger            |     8 |       |       ||     8
       Dire flail        |       |       |     1 ||     1
Invok: Heroism           |       |       |     2 ||     2
  Use: Scroll            |     5 |     4 |     2 ||    11
  Eat: Chunk             |       |     5 |     4 ||     9
       Ration            |       |     1 |       ||     1
Armor: Scale mail        |    30 |    25 |    25 ||    80
Dodge: Dodged            |    16 |    18 |    28 ||    62
Block: Kite shield       |    36 |    39 |    29 ||   104
